 Dungeon Crawl Stone Soup version 0.21.1-1-g345015fe64 (webtiles) character file.

519 Htamos the Cudgeler (level 7, -3/61 HPs)
             Began as a Minotaur Berserker on July 4, 2018.
             Was an Elder of Trog.
             Slain by a wight
             ... wielding a +0 mace
              (8 damage)
             ... on level 4 of the Dungeon.
             The game lasted 00:07:39 (2693 turns).

Htamos the Cudgeler (Minotaur Berserker)            Turns: 2693, Time: 00:07:39

Health: -3/61      AC:  5    Str: 22    XL:     7   Next: 1%
Magic:  6/6        EV: 11    Int:  4    God:    Trog [****..]
Gold:   222        SH:  0    Dex: 11    Spells: 6/6 levels left

rFire    . . .     SeeInvis .   a - +0 mace
rCold    . . .     Gourm    .   (no shield)
rNeg     . . .     Faith    .   j - +0 ring mail
rPois    .         Spirit   .   (helmet restricted)
rElec    .         Reflect  .   (no cloak)
rCorr    .         Harm     .   (no gloves)
MR       .....                  (no boots)
Stlth    +.........             (no amulet)
HPRegen  0.20/turn              (no ring)
MPRegen  0.10/turn              (no ring)

@: drained
A: retaliatory headbutt, horns 2
a: Berserk, Trog's Hand, Brothers in Arms, Burn Spellbooks, Renounce Religion


You were on level 4 of the Dungeon.
You worshipped Trog.
Trog was greatly pleased with you.
You were very hungry.

You visited 1 branch of the dungeon, and saw 5 of its levels.

You collected 222 gold pieces.

Inventory:

Hand Weapons
 a - a +0 mace (weapon)
Armour
 j - a +0 ring mail (worn)
Scrolls
 e - a scroll of fear
 i - 3 scrolls of identify
 k - 2 scrolls of random uselessness
 o - a scroll of teleportation
Potions
 d - 2 potions of flight {unknown}
 f - 2 potions of agility
 g - a potion of mutation {unknown}
 h - 2 potions of berserk rage {unknown}
 l - a potion of invisibility {unknown}
 m - a potion of curing {unknown}
 n - a potion of haste {unknown}
Comestibles
 c - 5 rations


   Skills:
 + Level 5.2(4.4) Fighting
 * Level 7.9(7.0) Maces & Flails
 + Level 3.5(2.6) Armour
 + Level 3.2(2.4) Dodging


You had 6 spell levels left.
You didn't know any spells.

Dungeon Overview and Level Annotations

Branches:
Dungeon (5/15)
 Temple: D:4-7

Altars:
Dithmenos


Innate Abilities, Weirdness & Mutations

You reflexively headbutt those who attack you in melee.
You have a pair of horns on your head.


Message History

The wight is heavily damaged.
You feel sick.
You are no longer poisoned.
The wight hits you with a mace.
* * * LOW HITPOINT WARNING * * *
You barely miss the wight.
The wight is heavily damaged.
The wight hits you with a mace.
* * * LOW HITPOINT WARNING * * *
You feel drained.
You hit the wight but do no damage. You headbutt the wight!
The wight is almost destroyed.
The wight hits you with a mace.
* * * LOW HITPOINT WARNING * * *
Your ring mail prevents you from hitting the wight.
The wight is almost destroyed.
You closely miss the wight.
The wight is almost destroyed.
The wight hits you with a mace!
You die...

###.##.##.####.#....###.#
#......)...............
####.##.########..)....
#.##.# #.......
##############.#..#
#.......
.................##
#.......
###############..#
#######. #..### ####
#.@..# ####...
#..z.########......
#..................
#....###...##......
#........####......
#....##### ######. #....#
#...#.. #....# #.....#
#>...# #....##


You could see a wight.

Vanquished Creatures
  A phantom (D:4)
  A howler monkey (D:4)
  A centaur skeleton (D:4)
  An iguana (D:4)
  3 worker ants
  2 hound skeletons (D:4)
  Robin (D:3)
  11 adders
  2 oozes (D:1)
  4 worms (D:4)
  4 dart slugs
  6 leopard geckos
  3 orcs
  8 bats
  8 giant cockroaches
  7 hobgoblins
  7 jackals
  3 kobolds
  2 quokkas (D:3)
  4 frilled lizards
  13 goblins
  14 rats
106 creatures vanquished.

Notes
Turn   | Place    | Note
-------+----------+-------------------------------------------
     0 | D:1      | Htamos the Minotaur Berserker began the quest for the Orb.
     0 | D:1      | Reached XP level 1. HP: 19/19 MP: 0/0
   219 | D:1      | Reached XP level 2. HP: 17/27 MP: 1/1
   263 | D:1      | Reached skill level 4 in Maces & Flails
   592 | D:1      | Reached XP level 3. HP: 21/34 MP: 2/2
   922 | D:2      | Reached ** piety under Trog
  1010 | D:2      | Reached XP level 4. HP: 32/41 MP: 3/3
  1013 | D:2      | Reached skill level 5 in Maces & Flails
  1566 | D:3      | Reached XP level 5. HP: 46/47 MP: 4/4
  1703 | D:3      | Reached skill level 6 in Maces & Flails
  1764 | D:3      | Reached *** piety under Trog
  1801 | D:3      | Noticed Robin
  1804 | D:3      | Reached skill level 5 in Fighting
  1816 | D:3      | Killed Robin
  2069 | D:4      | Reached XP level 6. HP: 52/56 MP: 5/5
  2093 | D:4      | Reached skill level 7 in Maces & Flails
  2159 | D:4      | Reached **** piety under Trog
  2360 | D:4      | Found a shadowy altar of Dithmenos.
  2519 | D:4      | Found a glowing drain.
  2664 | D:5      | Entered Level 5 of the Dungeon
  2672 | D:5      | Reached XP level 7. HP: 53/61 MP: 6/6
  2693 | D:4      | Slain by a wight

Skill      XL: |  1  2  3  4  5  6 |
---------------+-------------------+-----
Fighting       | 4 5 |  5.2
Maces & Flails | 4 5 6 7 |  7.9
Armour         | 3 |  3.5
Dodging        | 3 |  3.2

Action                   |  1- 3 |  4- 6 |  7- 9 || total
-------------------------+-------+-------+-------++-------
Melee: Mace              |    71 |   163 |    13 ||   247
       Headbutt          |     6 |    29 |     4 ||    39
  Use: Scroll            |     5 |     4 |     1 ||    10
  Eat: Chunk             |       |     5 |       ||     5
Armor: Animal skin       |     9 |       |       ||     9
       Ring mail         |    28 |    50 |       ||    78
Dodge: Dodged            |    54 |    96 |     2 ||   152
